 Dungeon Crawl Stone Soup version 0.21-a0-283-g622b906 (webtiles) character file.

716 nikopol the Magician (level 7, -2/36 HPs)
             Began as a Deep Elf Fire Elementalist on Sept 24, 2017.
             Was an Initiate of Sif Muna.
             Slain by a killer bee (4 damage)
             ... on level 4 of the Dungeon.
             The game lasted 00:13:06 (4071 turns).

nikopol the Magician (Deep Elf Fire Elementalist)   Turns: 4071, Time: 00:13:06

Health: -2/36      AC:  5    Str:  5    XL:     7   Next: 41%
Magic:  8/19       EV: 13    Int: 22    God:    Sif Muna [......]
Gold:   186        SH:  0    Dex: 15    Spells: 13/19 levels left

rFire    . . .     SeeInvis .   k - +2 dagger (venom)
rCold    . . .     Gourm    .   (no shield)
rNeg     . . .     Faith    +   a - +0 robe
rPois    .         Spirit   .   (no helmet)
rElec    .         Reflect  .   w - +2 cloak
rCorr    .         Harm     .   (no gloves)
MR       .....                  (no boots)
Stlth    ++........             r - amulet of faith
HPRegen  0.12/turn              (no ring)
MPRegen  0.16/turn              (no ring)

@: lethally poisoned (-2 -> -12), very slightly contaminated
A: no striking features
a: Renounce Religion


You were on level 4 of the Dungeon.
You worshipped Sif Muna.
Sif Muna was noncommittal.
You were not hungry.

You visited 1 branch of the dungeon, and saw 4 of its levels.

You collected 186 gold pieces.

Inventory:

Hand Weapons
 k - a +2 dagger of venom (weapon)
Armour
 a - a +0 robe (worn)
 w - a +2 cloak (worn)
Jewellery
 r - an amulet of faith (around neck)
 v - an uncursed ring of protection from cold {unknown}
Scrolls
 e - 2 scrolls of enchant armour {unknown}
 h - 2 scrolls of fog {unknown}
 i - 2 scrolls of remove curse {unknown}
 j - 3 scrolls of teleportation {unknown}
 o - 2 scrolls of identify {unknown}
 q - 3 scrolls of fear {unknown}
 s - 2 scrolls of amnesia {unknown}
 y - a scroll of noise {unknown}
Potions
 d - 2 potions of heal wounds {unknown}
 g - 2 potions of cancellation {unknown}
 l - 3 potions of curing {unknown}
 m - a potion of might {unknown}
 n - 2 potions of haste {unknown}
 p - a potion of degeneration {unknown}
 t - a potion of berserk rage {unknown}
Books
 b - a book of Flames

   Spells                             Type                      Level
   a - Flame Tongue                   Conjuration/Fire             1
   b - Throw Flame                    Conjuration/Fire             2
   c - Conjure Flame                  Conjuration/Fire             3
   d - Inner Flame                    Hexes/Fire                   3
   e - Sticky Flame                   Conjuration/Fire             4
   f - Fireball                       Conjuration/Fire             5
Comestibles
 c - 2 bread rations
 f - a fruit
 u - 2 royal jellies
 x - a meat ration


   Skills:
 + Level 3.2 Dodging
 + Level 3.6 Stealth
 + Level 6.6 Spellcasting
 + Level 4.1 Conjurations
 + Level 6.3 Fire Magic


You had 13 spell levels left.
You knew the following spells:

 Your Spells              Type           Power        Failure   Level  Hunger
a - Flame Tongue          Conj/Fire      ####.        1%          1    None
b - Throw Flame           Conj/Fire      ####..       1%          2    None
c - Conjure Flame         Conj/Fire      ####....     3%          3    #......


Dungeon Overview and Level Annotations

Branches:
Dungeon (4/15)
 Temple: D:4-7

Altars:
Fedhas
Makhleb
Nemelex Xobeh
Sif Muna
Wu Jian
Zin


Message History

Casting: Flame Tongue
Confirm with . or Enter, or press ? or * to list all spells.
Aiming: Flame Tongue
Press: ? - help, Shift-Dir - straight line, f - killer bee
Aim: a killer bee You miscast Flame Tongue.
You are very lightly contaminated with residual magic.
Nothing appears to happen.
You feel sick. The killer bee stings you!
* * * LOW HITPOINT WARNING * * *
The killer bee misses you.
Casting: Flame Tongue
Confirm with . or Enter, or press ? or * to list all spells.
Aiming: Flame Tongue
Press: ? - help, Shift-Dir - straight line, f/p - killer bee
Aim: a killer bee The flame tongue hits the killer bee.
The killer bee is almost dead.
* * * LOW HITPOINT WARNING * * *
You feel sick. The killer bee closely misses you. The killer bee stings you.
You die...

#......#....(..#
#......##..###.#
#......##..# #.#
#####......###.#
#.###.....#
#.......###
#######.#
############## #.#
#.....y@.....# #.#
#.##########.###.#
#.....# #######


You could see a killer bee.

Vanquished Creatures
  Grinder (D:3)
  The ghost of removed the Conjurer, an amateur DgWz (D:3)
  A scorpion (D:3)
  2 killer bees (D:4)
  Crazy Yiuf (D:3)
  An orc wizard (D:3)
  A worker ant (D:4)
  11 adders
  2 worms
  4 leopard geckos
  7 orcs (D:3)
  5 giant cockroaches
  3 goblins
  6 hobgoblins
  3 jackals (D:3)
  4 kobolds
  2 quokkas (D:2)
  2 ball pythons
  4 bats
  9 frilled lizards
  7 rats
77 creatures vanquished.

Notes
Turn   | Place    | Note
-------+----------+-------------------------------------------
     0 | D:1      | nikopol the Deep Elf Fire Elementalist began the quest for the Orb.
     0 | D:1      | Reached XP level 1. HP: 10/10 MP: 6/6
   177 | D:1      | Reached XP level 2. HP: 15/15 MP: 5/8
   183 | D:1      | Learned a level 2 spell: Throw Flame
   265 | D:1      | Found a sparkling altar of Nemelex Xobeh.
   632 | D:2      | Reached XP level 3. HP: 17/19 MP: 2/10
   726 | D:2      | Found a deep blue altar of Sif Muna.
  1280 | D:2      | Found a burning altar of Makhleb.
  1287 | D:2      | Noticed an Executioner
  1288 | D:2      | Found a glowing silver altar of Zin.
  1289 | D:2      | Noticed an angel
  1295 | D:2      | Reached XP level 4. HP: 24/24 MP: 8/11
  1304 | D:2      | Learned a level 3 spell: Conjure Flame
  1849 | D:3      | Reached XP level 5. HP: 10/28 MP: 5/13
  1907 | D:3      | Noticed removed's ghost (amateur DgWz)
  2141 | D:3      | HP: 1/28 [removed's ghost/magic dart (8)]
  2507 | D:3      | Reached skill level 5 in Fire Magic
  2676 | D:3      | Noticed Grinder
  2705 | D:3      | Paralysed by Grinder for 4 turns
  2958 | D:3      | Killed removed's ghost
  2958 | D:3      | Reached skill level 5 in Spellcasting
  2958 | D:3      | Reached XP level 6. HP: 12/32 MP: 0/15
  3273 | D:3      | Found a runed door.
  3277 | D:3      | Noticed Crazy Yiuf
  3283 | D:3      | Killed Crazy Yiuf
  3380 | D:3      | Found a blossoming altar of Fedhas.
  3419 | D:3      | Killed Grinder
  3419 | D:3      | Reached XP level 7. HP: 30/36 MP: 6/18
  3523 | D:3      | Found an ornate altar of the Wu Jian Council.
  3917 | D:2      | Became a worshipper of Sif Muna the Loreminder
  4071 | D:4      | Slain by a killer bee

Vault maps used:
D:1:      dpeg_arrival_radiant, nemelex_diamond_rough_becter
D:2:      grunt_temple_overflow_order_and_chaos_2,
          nicolae_overflow_hidden_temple, first_bread
D:3:      overflow_temple_1_default, overflow_temple_1_default, uniq_grinder,
          uniq_crazy_yiuf_cottage
D:4:      overflow_temple_1_default, nicolae_qazlal_style_of_elements,
          minmay_temple_entry_overgrown

Skill      XL: |  1  2  3  4  5  6  7 |
---------------+----------------------+-----
Fire Magic     | 4 5 6 |  6.3
Spellcasting   | 4 5 6 |  6.6
Conjurations   | 2 3 4 |  4.1
Dodging        | 3 |  3.2
Stealth        | 3 |  3.6

Action                   |  1- 3 |  4- 6 |  7- 9 || total
-------------------------+-------+-------+-------++-------
 Cast: Flame Tongue      |    54 |    91 |    24 ||   169
       Throw Flame       |       |     1 |       ||     1
       Conjure Flame     |       |     6 |       ||     6
  Eat: Chunk             |     1 |     6 |     2 ||     9
       Fruit             |       |       |     1 ||     1
Armor: Robe              |     3 |     3 |     1 ||     7
Dodge: Dodged            |     5 |    13 |     8 ||    26

Table legend:
 A = Spawn XP
 B = Non-spawn XP
 C = Spawn XP percentage of total XP
 D = Spawn monster count
 E = Non-spawn monster count
 F = Spawn count percentage of total count
 G = Total turns spent on level
                    A         B        C        D         E        F      G
               +---------+---------+-------+---------+---------+-------+---------
         Total |       0 |    1024 |   0.0 |       0 |      77 |   0.0 |  4071
               +---------+---------+-------+---------+---------+-------+---------
           D:1 |       0 |      25 |   0.0 |       0 |      15 |   0.0 |   757
           D:2 |       0 |     122 |   0.0 |       0 |      23 |   0.0 |  1387
           D:3 |       0 |     700 |   0.0 |       0 |      33 |   0.0 |  1804
           D:4 |       0 |     177 |   0.0 |       0 |       6 |   0.0 |   123
               +---------+---------+-------+---------+---------+-------+---------
